 Dungeon Crawl Stone Soup version 0.30-a0-972-gf3ab3527aa (webtiles) character file.

Game seed: 2017942417380959530

1882 123456 the Geomancer (level 9, -3/45 HPs)
             Began as a Gargoyle Earth Elementalist on Mar 31, 2023.
             Shot with an arrow by a centaur (10 damage)
             ... on level 7 of the Dungeon.
             The game lasted 00:08:45 (7532 turns).

123456 the Geomancer (Gargoyle Earth Elementalist)  Turns: 7532, Time: 00:08:46

Health: -3/45      AC:  9    Str: 13    XL:     9   Next: 14%
Magic:  18/18      EV: 13    Int: 22    God:
Gold:   408        SH:  0    Dex: 14    Spells: 17/21 levels left

rFire   . . .      SeeInvis .    A - +0 whip "Woarec Cupt" {freeze, rC+ Int+3 Dex+4}
rCold   + . .      Faith    .    (no shield)
rNeg    + . .      Spirit   .    a - +0 robe
rPois   ∞          Reflect  .    (no helmet)
rElec   +          Rampage  .    B - +0 cloak
rCorr   .                        (no gloves)
Will    .....                    (no boots)
Stlth   +++                      x - amulet of magic regeneration
HPRegen 0.27/turn                (no ring)
MPRegen 0.56/turn                (no ring)

@: no status effects
A: sickness immunity, AC +6, negative energy resistance 1, electricity
resistance, torment resistance 1, petrification resistance
a: no special abilities


You were on level 7 of the Dungeon.
You visited 1 branch of the dungeon, and saw 7 of its levels.
You also visited: Sewer.

You collected 408 gold pieces.

Inventory:

Hand Weapons
 f - a +2 dagger of protection
 A - the +0 whip "Woarec Cupt" (weapon) {freeze, rC+ Int+3 Dex+4}
   (You found it on level 6 of the Dungeon)

   Int:       It affects your intelligence (+3).
   Dex:       It affects your dexterity (+4).
   rC:        It protects you from cold.
Armour
 a - a +0 robe (worn)
 B - a +0 cloak (worn)
Jewellery
 x - an amulet of magic regeneration (around neck)
Scrolls
 d - 4 scrolls of identify {unknown}
 e - 4 scrolls of teleportation {unknown}
 g - 5 scrolls of immolation {unknown}
 h - 3 scrolls of vulnerability
 l - a scroll of magic mapping
 m - a scroll of poison {unknown}
 o - 3 scrolls of blinking {unknown}
 p - 2 scrolls of fog {unknown}
 q - a scroll of silence {unknown}
 s - 2 scrolls of enchant armour {unknown}
 w - a scroll of brand weapon {unknown}
 y - 3 scrolls of noise {unknown}
Potions
 b - a potion of magic
 c - a potion of berserk rage {unknown}
 i - 4 potions of mutation {unknown}
 j - a potion of resistance {unknown}
 k - a potion of flight {unknown}
 n - 4 potions of curing
 r - 3 potions of attraction {unknown}
 t - 3 potions of lignification {unknown}
 u - a potion of cancellation {unknown}
 v - 3 potions of might {unknown}
 z - a potion of invisibility {unknown}


   Skills:
 - Level 3.0 Dodging
 - Level 4.0 Stealth
 * Level 6.5 Spellcasting
 + Level 4.7 Conjurations
 - Level 0.7 Transmutations
 * Level 9.1 Earth Magic


You had 17 spell levels left.
You knew the following spells:

 Your Spells              Type           Power      Damage    Failure   Level
a - Sandblast             Erth           94%        2d19      1%          1
b - Stone Arrow           Conj/Erth      74%        3d11      1%          3

Your spell library contained the following spells:

 Spells                   Type           Power      Damage    Failure   Level
 Passwall                 Tmut/Erth      23%        N/A       1%          2
 Petrify                  Tmut/Erth      28%        N/A       11%         4
 Ensorcelled Hibernation  Hex/Ice        14%        N/A       13%         2
 Spider Form              Tmut/Pois      8%         N/A       22%         3
 Anguish                  Hex/Necr       3%         N/A       65%         4
 Summon Forest            Summ/Tloc      3%         N/A       94%         5
 Eringya's Noxious Bog    Tmut/Pois      4%         N/A       100%        6
 Summon Hydra             Summ           3%         N/A       100%        7


Dungeon Overview and Level Annotations

Branches:
Dungeon (7/15)              Sewer (visited)
 Temple: D:4-7

Altars:

Shops:
D:2 [


Innate Abilities, Weirdness & Mutations

You are immune to sickness and miasma.
Your stone body is resilient. (AC +6)
You are immune to poison.
You resist negative energy. (rN+)
You are resistant to electric shocks. (rElec)
You are resistant to unholy torment.
You are immune to petrification.


Message History

Done exploring.
Done exploring.
Things that are here:
a +0 sling; a +0 scale mail
There is a stone staircase leading down here.
You climb downwards.
There is a stone staircase leading up here.
The blast of sand hits the white imp!
The white imp is almost dead.
The white imp shouts!
You hear a shout!
A centaur comes into view.
The centaur shouts!
The blast of sand hits the white imp!
You kill the white imp!
The centaur wields a +0 shortbow.
The centaur shoots an arrow.
The arrow hits you!
The centaur shoots an arrow.
The arrow hits you.
A centaur is nearby!
A centaur is nearby!
You can't see any susceptible monsters within range! (Use Z to cast anyway.)
A centaur comes into view.
The centaur shoots an arrow.
The arrow hits you.
The centaur shoots an arrow.
The arrow completely misses you.
There is a stone staircase leading up here.
The centaur shoots an arrow.
The arrow hits you.
You climb upwards.
There is a stone staircase leading down here.
You start resting.
HP restored.
You start waiting.
Done waiting.
You start waiting.
Done waiting.
You climb downwards.
The centaur shoots an arrow.
The arrow hits you!
The centaur wields a +0 shortbow.
The centaur shoots an arrow.
The arrow hits you!
The centaur shoots an arrow.
The arrow hits you.
The centaur shoots an arrow.
The arrow hits you!
* * * LOW HITPOINT WARNING * * *
There is a stone staircase leading up here.
The centaur shoots an arrow.
The arrow hits you!
You die...

.# .# .#
##.# ...#
#..# #..#
#@.# #..#
.........#
##.##..#.#
##. .# #c
.# .c .#
#. .# #.
##


You could see 2 centaurs.

Vanquished Creatures
  Prince Ribbit (D:5)
  Sigmund (D:3)
  Menkaure (D:6)
  An ice beast (D:5)
  4 black bears
  2 phantoms (D:5)
  4 hounds
  An orc priest (D:4)
  Crazy Yiuf (D:6)
  Jessica (D:3)
  3 orc wizards
  2 sleepcaps (D:5)
  Terence (D:2)
  Natasha (D:2)
  5 iguanas
  Robin (D:1)
  10 adders
  5 river rats (Sewer)
  A shadow imp (D:5)
  2 white imps
  An ufetubus (D:6)
  2 worms
  3 dart slugs
  19 orcs
  3 bats
  5 endoplasms
  4 giant cockroaches
  8 goblins
  6 hobgoblins
  11 jackals
  4 kobolds
  5 quokkas
  12 ball pythons
  4 frilled lizards
  8 rats
143 creatures vanquished.

Vanquished Creatures (others)
  9 plants (Sewer)
9 creatures vanquished.

Grand Total: 152 creatures vanquished

Notes
Turn   | Place    | Note
-------+----------+-------------------------------------------
     0 | D:1      | 123456 the Gargoyle Earth Elementalist began the quest for
                  | the Orb.
     0 | D:1      | Reached XP level 1. HP: 10/10 MP: 3/3
   201 | D:1      | Reached XP level 2. HP: 15/15 MP: 1/5
   351 | D:1      | Reached skill level 4 in Earth Magic
   892 | D:2      | Noticed Robin
   894 | D:2      | Reached XP level 3. HP: 19/19 MP: 4/6
   987 | D:1      | Killed Robin
  1243 | D:2      | Learned a level 3 spell: Stone Arrow
  1339 | D:2      | Reached XP level 4. HP: 24/24 MP: 4/8
  1529 | D:2      | Found Nimolluv's Armour Shop.
  1861 | D:2      | Noticed Terence
  1865 | D:2      | Killed Terence
  1872 | D:2      | Noticed Natasha
  1886 | D:2      | Killed Natasha
  1887 | D:2      | Reached skill level 1 in Conjurations
  1887 | D:2      | Reached skill level 5 in Earth Magic
  1887 | D:2      | Reached XP level 5. HP: 10/28 MP: 0/9
  2392 | D:3      | Noticed Jessica
  2397 | D:3      | Killed Jessica
  2721 | D:3      | Noticed Sigmund
  2975 | D:3      | Killed Sigmund
  2976 | D:3      | Reached XP level 6. HP: 32/32 MP: 3/11
  3644 | D:4      | Noticed a black bear
  3647 | D:4      | Killed a black bear
  3648 | D:4      | Reached skill level 6 in Earth Magic
  3648 | D:4      | Reached XP level 7. HP: 36/36 MP: 5/12
  3725 | D:4      | Found a glowing drain.
  3759 | Sewer    | Entered a sewer
  4932 | D:4      | Reached skill level 7 in Earth Magic
  5115 | D:4      | Reached XP level 8. HP: 41/41 MP: 13/15
  5353 | D:5      | Entered Level 5 of the Dungeon
  5367 | D:5      | Reached skill level 5 in Spellcasting
  5733 | D:5      | Reached skill level 8 in Earth Magic
  6073 | D:5      | Noticed Prince Ribbit
  6079 | D:5      | Killed Prince Ribbit
  6319 | D:6      | Found the +5 Force Lance {heavy, knockback}
  6352 | D:6      | Reached XP level 9. HP: 30/45 MP: 13/18
  6354 | D:6      | HP: 2/45 [orc/+1 flail of distortion (4)]
  6819 | D:6      | Identified the +0 whip "Woarec Cupt" {freeze, rC+ Int+3
                  | Dex+4}
  6842 | D:6      | Noticed Menkaure
  6849 | D:6      | Killed Menkaure
  6850 | D:6      | Reached skill level 9 in Earth Magic
  6906 | D:6      | Found a runed translucent door.
  6907 | D:6      | Noticed Crazy Yiuf
  7047 | D:6      | Killed Crazy Yiuf
  7532 | D:7      | Shot with an arrow by a centaur

Illustrated notes

Levels and vault maps discovered:
D:1:      dpeg_arrival_pits, layout_basic, hex_intersection
D:2:      layout_loops_corners, serial_shops, nicolae_shop_statue_plus,
          nicolae_titane, uniq_robin, uniq_natasha, uniq_terence
D:3:      layout_basic, uniq_sigmund, uniq_jessica
D:4:      layout_loops_ring, gup_sewer_entry_pipe
D:5:      layout_basic, kennysheep_generic_room_7, uniq_prince_ribbit1
D:6:      layout_cave_pools, uniq_crazy_yiuf_cottage, uniq_menkaure
D:7:      layout_basic, temple_pool_b, minmay_manual_mares

Skill      XL: |  1  2  3  4  5  6  7  8  9 |
---------------+----------------------------+-----
Earth Magic    | 4 5 6 7 8 9 |  9.1
Dodging        | 2 3 |  3.0
Stealth        | 3 4 |  4.0
Spellcasting   | 3 4 6 |  6.5
Conjurations   | 1 2 3 4 |  4.7
Transmutations | |  0.7

Action                     |  1- 3 |  4- 6 |  7- 9 || total
---------------------------+-------+-------+-------++-------
  Melee: Unarmed           |     4 |       |       ||     4
         Dagger            |    37 |     8 |    27 ||    72
         Whip              |       |       |     1 ||     1
   Cast: Sandblast         |    52 |    37 |   119 ||   208
         Stone Arrow       |       |     6 |    32 ||    38
    Use: Scroll            |       |     2 |       ||     2
         Potion            |       |       |     1 ||     1
   Stab: Sleeping          |     2 |       |       ||     2
 Armour: Robe              |    23 |     7 |    63 ||    93
  Dodge: Dodged            |    58 |    14 |    99 ||   171

Table legend: (Time is in decaauts)
 A = Elapsed time spent in this place.
 B = Non-inter-level travel time spent in this place.
 C = Inter-level travel time spent in this place.
 D = Time resting spent in this place.
 E = Time spent auto-exploring this place.
 F = Levels seen in this place.
 G = Mean time per level.
                   A        B        C        D        E       F      G
               +--------+--------+--------+--------+--------+-----+--------+
         Total |   7784 |   7584 |    200 |   1215 |   5400 |   8 |  973.0 |
       Dungeon |   6802 |   6602 |    200 |   1215 |   4601 |   7 |  971.7 |
         Sewer |    982 |    982 |      0 |      0 |    799 |   1 |  982.0 |
               +--------+--------+--------+--------+--------+-----+--------+

Top non-repeatable levels by time:
     D:2: 1356 daAuts
     D:5: 1299 daAuts
     D:3: 1281 daAuts
     D:1: 1048 daAuts
   Sewer: 982 daAuts
     D:4: 910 daAuts
     D:6: 897 daAuts
     D:7: 8 daAuts
